 Dungeon Sprint DCSS version 0.30-a0-50-gb2d611f6b1 (webtiles) character file.

Game seed: 10510681332554639372

114 lesbiats the Ducker (level 4, -1/44 HPs)
             Began as a Troll Gladiator on Sept 4, 2022.
             Was an Initiate of Jiyva.
             Slain by a shadow (20 damage)
             ... in the Dungeon (Sprint IX: "|||||||||||||||||||||||||||||").
             The game lasted 00:01:44 (118 turns).

lesbiats the Ducker (Troll Gladiator)                Turns: 118, Time: 00:01:45

Health: -1/44      AC:  4    Str: 24    XL:     4   Next: 67%
Magic:  3/3        EV: 12    Int:  7    God:    Jiyva [......]
Gold:   0          SH:  0    Dex: 14    Spells: 3/3 levels left

rFire   . . .      SeeInvis .    p - +2 dire flail (vorpal)
rCold   . . .      Faith    .    (shield currently unavailable)
rNeg    . . .      Spirit   .    b - +0 robe
rPois   .          Reflect  .    c - +0 hat
rElec   .          Harm     .    (no cloak)
rCorr   .          Rampage  .    (gloves unavailable)
Will    .....      NoTele   +    (boots unavailable)
Stlth   +.........               (no amulet)
HPRegen 0.94/turn                r - +3 ring of dexterity
MPRegen 0.08/turn                q - +3 ring of intelligence

@: no status effects
A: large, unfitting armour, claws 3, regeneration 1, shaggy fur 1, tough skin 1
a: Renounce Religion


You were in the Dungeon.
You worshipped Jiyva.
Jiyva was noncommittal.
You visited 1 branch

Inventory:

Hand Weapons
 a - a +0 flail
 p - a +2 vorpal dire flail (weapon)
Missiles
 d - 3 throwing nets (quivered)
 e - a large rock
 l - 7 stones
Armour
 b - a +0 robe (worn)
 c - a +0 hat (worn)
Jewellery
 q - a +3 ring of intelligence (right claw)
 r - a +3 ring of dexterity (left claw)
Wands
 o - a wand of quicksilver (10)
Scrolls
 k - 2 scrolls of blinking
 n - 2 scrolls of amnesia
Potions
 f - 5 potions of curing
 g - 3 potions of heal wounds
 h - a potion of haste
 i - 4 potions of magic
 j - a potion of berserk rage
 m - a potion of invisibility


   Skills:
 + Level 2.9 Fighting
 + Level 5.6 Maces & Flails
 + Level 1.7 Throwing
 * Level 6.3 Dodging


You had 3 spell levels left.
You didn't know any spells.
Your spell library was empty.

Dungeon Overview and Level Annotations

Branches:
Dungeon (1/1)

Altars:
Cheibriados
Dithmenos
Elyvilon
Fedhas
Gozag
Hepliaklqana
Kikubaaqudgha
Makhleb
Nemelex Xobeh
Okawaru
Qazlal
Ru
Sif Muna
Trog
Uskayaw
Vehumet
Wu Jian
Xom
Yredelemnul
Zin
The Shining One
Jiyva
Lugonu


Innate Abilities, Weirdness & Mutations

You are too large for most types of armour.
You have claws for hands.
Your natural rate of healing is unusually fast.
You are covered in fur. (AC +1)
You have tough skin. (AC +1)


Message History

Found a +3 ring of intelligence.
i - 4 potions of magic (gained 2);
m - a potion of invisibility
g - 3 potions of heal wounds (gained 2);
f - 5 potions of curing (gained 4)
Found a +3 ring of dexterity.
n - 2 scrolls of amnesia;
k - 2 scrolls of blinking (gained 1)
o - a wand of quicksilver (10)
Items here: )))))).
p - a +2 vorpal dire flail You see here a +0 helmet.
You see here a +0 pair of gloves.
You see here a +2 ring mail.
q - a +3 ring of intelligence
There are no items here.
r - a +3 ring of dexterity
There are no items here.
You feel agile.
r - a +3 ring of dexterity (left claw)
You feel clever.
q - a +3 ring of intelligence (right claw)
p - a +2 vorpal dire flail (weapon)
You open the door.
A vampire mosquito, a yak, 2 wraiths and 2 killer bees come into view.
You completely miss the shadow.
The killer bee buzzes angrily. x2; The vampire mosquito buzzes angrily.
The shadow hits you!
You closely miss the shadow. The shadow hits you!
You barely miss the shadow. The shadow hits you.
You barely miss the shadow. The shadow barely misses you.
You barely miss the shadow. The shadow hits you!
You sock the shadow!
The shadow is heavily damaged.
The shadow barely misses you.
You hit the shadow.
The shadow is severely damaged.
The shadow slips into darkness.
The shadow flickers and vanishes!
Deactivating autopickup; reactivate with Ctrl-A.
You miss something.
The shadow strikes at you from the darkness!
You die... ▓▓▓▓▓▓▓▓▓▓▓▓▓▓▓▓▓▓▓▓▓▓▓▓ _______'..).[[[.@{yYWyy. ▓▓▓▓▓▓▓▓▓▓▓▓▓▓▓▓▓▓▓▓▓▓▓▓

You could see a yak, a wraith, a vampire mosquito and 2 killer bees.

Vanquished Creatures
  A howler monkey (D)
  A hound (D)
  An iguana (D)
  2 adders (D)
  A giant cockroach (D)
  A frilled lizard (D)
  2 kobolds (D)
  A rat (D)
10 creatures vanquished.

Vanquished Creatures (others)
  A great orb of eyes (D)
  A goliath frog (shapeshifter) (D)
  A slime creature (D)
3 creatures vanquished.

Grand Total: 13 creatures vanquished

Notes
Turn   | Place    | Note
-------+----------+-------------------------------------------
     0 | D        | lesbiats the Troll Gladiator began the quest for the Orb.
     0 | D        | Reached XP level 1. HP: 19/19 MP: 0/0
    14 | D        | Reached skill level 3 in Dodging
    21 | D        | Noticed a hound
    21 | D        | Noticed an iguana
    21 | D        | Noticed a howler monkey
    22 | D        | Killed a hound
    23 | D        | Reached skill level 4 in Dodging
    23 | D        | Reached XP level 2. HP: 28/28 MP: 1/1
    23 | D        | Reached XP level 3. HP: 35/35 MP: 2/2
    37 | D        | Reached skill level 5 in Dodging
    41 | D        | Reached skill level 5 in Maces & Flails
    41 | D        | Reached XP level 4. HP: 38/44 MP: 3/3
    50 | D        | Reached skill level 6 in Dodging
    63 | D        | Found a snail-covered altar of Cheibriados.
    63 | D        | Found a shadowy altar of Dithmenos.
    63 | D        | Found a white marble altar of Elyvilon.
    63 | D        | Found a blossoming altar of Fedhas.
    63 | D        | Found an opulent altar of Gozag.
    64 | D        | Found a hazy altar of Hepliaklqana.
    65 | D        | Found a viscous altar of Jiyva.
    66 | D        | Found an ancient bone altar of Kikubaaqudgha.
    67 | D        | Found a corrupted altar of Lugonu.
    68 | D        | Found a burning altar of Makhleb.
    69 | D        | Found a sparkling altar of Nemelex Xobeh.
    70 | D        | Found an iron altar of Okawaru.
    71 | D        | Found a stormy altar of Qazlal.
    72 | D        | Found a sacrificial altar of Ru.
    73 | D        | Became a worshipper of Jiyva Jasecs the Shapeless
    74 | D        | Found a shimmering blue altar of Sif Muna.
    75 | D        | Found a bloodstained altar of Trog.
    75 | D        | Killed a slime creature
    76 | D        | Found a hide-covered altar of Uskayaw.
    77 | D        | Found a radiant altar of Vehumet.
    77 | D        | Killed a great orb of eyes
    78 | D        | Found an ornate altar of the Wu Jian Council.
    79 | D        | Found a shimmering altar of Xom.
    80 | D        | Found a basalt altar of Yredelemnul.
    80 | D        | Killed a goliath frog
    81 | D        | Found a glowing silver altar of Zin.
    82 | D        | Found a glowing golden altar of the Shining One.
   110 | D        | Noticed a shadow
   110 | D        | Noticed a vampire mosquito
   110 | D        | Noticed a yak
   110 | D        | Noticed a wraith
   118 | D        | Slain by a shadow

Illustrated notes

Levels and vault maps discovered:
D:        linesprint [early_d, line_temple, items_1, d_10, items_2, lair_1,
          lair_end, items_3, orc_1, orc_end, items_4, d_15, swamp_1, shoals_1,
          snake_1, spider_1, d_20, vaults_1, items_5, swamp_end, shoals_end,
          snake_end, spider_end, vaults_end, d_27, items_6, zot_1, zot_end,
          crypt_end, forest_end, elf_end, slime_end, tomb_end, abyss_end,
          pan_hell_end]

Skill      XL: |  1  2  3  4 |
---------------+-------------+-----
Maces & Flails | 4 5 |  5.6
Dodging        | 4 5 6 |  6.3
Fighting       | 2 |  2.9
Throwing       | |  1.7

Action                   |  1- 3 |  4- 6 || total
-------------------------+-------+-------++-------
Melee: Flail             |    29 |     9 ||    38
       Punch             |     1 |       ||     1
       Dire flail        |       |     8 ||     8
Armor: Robe              |    12 |     2 ||    14
Dodge: Dodged            |    17 |     6 ||    23

Table legend: (Time is in decaauts)
 A = Elapsed time spent in this place.
 B = Non-inter-level travel time spent in this place.
 C = Inter-level travel time spent in this place.
 D = Time resting spent in this place.
 E = Time spent auto-exploring this place.
 F = Levels seen in this place.
 G = Mean time per level.
                   A        B        C        D        E       F      G
               +--------+--------+--------+--------+--------+-----+--------+
         Total |    123 |    123 |      0 |      7 |     10 |   1 |  123.0 |
       Dungeon |    123 |    123 |      0 |      7 |     10 |   1 |  123.0 |
               +--------+--------+--------+--------+--------+-----+--------+

Top non-repeatable levels by time:
       D: 123 daAuts
